 Dungeon Crawl Stone Soup version 0.25-a0-578-gc91f01c39c (webtiles) character file.

Game seed: 1775486704811522026, levelgen mode: deterministic

51 An17 the Ruffian (level 3, 0/31 HPs)
             Began as a Naga Transmuter on Mar 4, 2020.
             Slain by an orc
             ... wielding a +0 hand axe
              (5 damage)
             ... on level 3 of the Dungeon.
             The game lasted 00:05:00 (2263 turns).

An17 the Ruffian (Naga Transmuter)                  Turns: 2263, Time: 00:05:01

Health: 0/31       AC:  4    Str: 12    XL:     3   Next: 81%
Magic:  0/7        EV:  9    Int: 14    God:
Gold:   63         SH:  0    Dex: 11    Spells: 1/7 levels left

rFire    + . .     SeeInvis +     - Unarmed
rCold    . . .     Gourm    .   (no shield)
rNeg     . . .     Faith    .   d - +2 leather armour
rPois    +         Spirit   +   (no helmet)
rElec    .         Reflect  .   (no cloak)
rCorr    .         Harm     .   (no gloves)
MR       .....                  (no barding)
Stlth    +.........             h - amulet of guardian spirit
HPRegen  0.10/turn              e - ring of protection from fire
MPRegen  0.10/turn              (no ring)

@: appendage (expiring), very slow
A: large, horns 2, see invisible, deformed body, poison resistance, slowness 2,
slow metabolism 1, spit poison 1, AC +1
a: Spit Poison, End Transformation


You were on level 3 of the Dungeon.
You were hungry.
You had grown temporary horns.
You visited 1 branch of the dungeon, and saw 3 of its levels.

You collected 63 gold pieces.

Inventory:

Missiles
 a - 12 arrows
 b - 5 poisoned darts (quivered)
Armour
 d - a +2 leather armour (worn)
Jewellery
 e - a ring of protection from fire (left hand)
 h - an amulet of guardian spirit (around neck)
Scrolls
 f - a scroll of remove curse
Potions
 c - a potion of heal wounds
 g - a potion of might {unknown}


   Skills:
 + Level 1.0 Fighting
 + Level 0.5 Armour
 + Level 1.7 Dodging
 + Level 3.4 Unarmed Combat
 + Level 2.6 Spellcasting
 + Level 2.6 Transmutations


You had one spell level left.
You knew the following spells:

 Your Spells              Type           Power        Failure   Level  Hunger
a - Beastly Appendage     Tmut           #.....       10%         1    #......
b - Sticks to Snakes      Tmut           #.......     14%         2    ###....
c - Spider Form           Tmut/Pois      #.........   43%         3    ###....

Your spell library contained the following spells:

 Spells                   Type           Power        Failure   Level  Hunger
 Ice Form                 Ice/Tmut       #.......     85%         4    #####..
 Blade Hands              Tmut           #.........   95%         5    ######.


Dungeon Overview and Level Annotations

Branches:
Dungeon (3/15)

Altars:
Dithmenos
Xom
The Shining One

Annotations:
D:3 1 runed translucent door


Innate Abilities, Weirdness & Mutations

You cannot wear boots.
Your serpentine skin is tough. (AC +1)
You have supernaturally acute eyesight. (SInv)
Armour fits poorly on your strangely shaped body.
Your system is resistant to poisons. (rPois)
You cover ground very slowly.
You have a slow metabolism.
You can spit poison.
You have a pair of horns on your head.


Message History

The orc is moderately wounded.
The orc hits you but does no damage.
You hit the orc but do no damage.
The orc is moderately wounded.
The orc closely misses you. x2
You barely miss the orc.
The orc is moderately wounded.
The orc hits you with a cursed -3 flail.
The orc hits you but does no damage.
You hit the orc but do no damage. You headbutt the orc.
You kill the orc!
The orc hits you with a +0 hand axe.
* * * LOW HITPOINT WARNING * * *
The orc hits you with a +0 hand axe.
* * * LOW HITPOINT WARNING * * *
Things that are here:
a cursed -3 flail; a +0 plate armour; an orc corpse Your transformation is almost over.
The orc hits you with a +0 hand axe.
You die...

#.####..._...## ##
#..##.........##....
#.................#
#....##.....##....#
#..###..#..###.#.#
#..##..###..##.# #
####......###.....#
#...o)###..#...####
#.###@# #......# #
#)# ###.(..# #.#
#...## #.# #...# #.#
#...# ..# #...# ..##
#...# ... ....# #.#.
#...#


You could see an orc.

Vanquished Creatures
  A gnoll (D:1)
  4 orcs (D:3)
  3 bats
  3 giant cockroaches (D:1)
  4 goblins
  3 hobgoblins
  2 jackals (D:2)
  2 frilled lizards (D:2)
  9 kobolds
  5 rats
36 creatures vanquished.

Notes
Turn   | Place    | Note
-------+----------+-------------------------------------------
     0 | D:1      | An17 the Naga Transmuter began the quest for the Orb.
     0 | D:1      | Reached XP level 1. HP: 18/18 MP: 3/3
   377 | D:1      | Reached XP level 2. HP: 25/25 MP: 3/5
   381 | D:1      | Learned a level 2 spell: Sticks to Snakes
   595 | D:1      | Reached XP level 3. HP: 30/31 MP: 4/6
   600 | D:1      | Learned a level 3 spell: Spider Form
  1533 | D:2      | Found a shimmering altar of Xom.
  1834 | D:3      | Found a glowing golden altar of the Shining One.
  1835 | D:3      | Found a runed translucent door.
  1835 | D:3      | Noticed an angel
  2155 | D:3      | Found a shadowy altar of Dithmenos.
  2263 | D:3      | Slain by an orc

Levels and vault maps discovered:
D:1:      saegor_arrival_simple_a, layout_basic, serial_co_window_serial,
          co_window_paths_b, co_window_of_opportunity_a, co_window_corner_a,
          co_window_corner_a, co_window_paths_a, co_window_unsneaky_path_d,
          co_window_2corner, co_window_broadway_b, co_window_corner_b,
          co_window_corner_ca, co_window_2corner, co_window_corner_ca,
          co_window_4corner_b, glass_columns_c, glass_columns_a,
          glass_columns_c, glass_columns_a, glass_columns_a
D:2:      layout_rooms, lemuel_coloured_pillars_altar, kennysheep_generic_room_4
D:3:      layout_basic, nicolae_dithmenos_shadow_blocks, old_standard_altar,
          first_ration, chequers_ecumenical_altar_simple, lemuel_angel_altar,
          uniq_robin

Action                   || total
-------------------------++-------
Melee: Unarmed           ||   135
       Headbutt          ||    12
 Cast: Beastly Appendage ||    23
 Abil: Spit Poison       ||     2
  Use: Scroll            ||     5
       Potion            ||     1
 Stab: Sleeping          ||     1
  Eat: Ration            ||     1
Armor: Robe              ||    11
       Leather armour    ||    27
Dodge: Dodged            ||    72

Table legend:
 A = Non-vault XP
 B = Vault XP
 C = Vault XP percentage of total XP
 D = Non-vault monster count
 E = Vault monster count
 F = Vault count percentage of total count
                 A         B        C        D         E       F
            +---------+---------+-------+---------+---------+-------
      Total |      69 |       4 |   5.5 |      34 |       2 |   5.6
            +---------+---------+-------+---------+---------+-------
        D:1 |      39 |       0 |   0.0 |      18 |       0 |   0.0
        D:2 |       9 |       4 |  30.8 |       7 |       2 |  22.2
        D:3 |      21 |       0 |   0.0 |       9 |       0 |   0.0
            +---------+---------+-------+---------+---------+-------
